[Event "Friday 06 April Rapid Engine Tour 12+1 Rounds 9 Starts 1600ST"]
[Site "Infinity Chess"]
[Date "2018.4.6"]
[Round "3"]
[White "SkyPilot"]
[Black "MGR"]
[Result "1/2-1/2"]
[ECO "C53"]
[WhiteElo "2482"]
[BlackElo "2479"]
[WhiteEngine "stockfish_x64_bmi2_2018_03_30_CTG"]
[BlackEngine "asmFishW_2018-04-02_bmi2"]
[EventType "Swiss"]
[WhiteTeam ""]
[BlackTeam ""]
[PlyCount "234"]
[TimeControl "720+1"]

1. e4 e5 2. Nf3 Nc6 3. Bc4 Bc5 4. c3 Nf6 5. d3 d6 6. O-O O-O 7. Bg5 a5 8. a4 h6 
9. Bh4 g5 10. Bg3 Ba7 11. Nbd2 Kg7 12. Re1 Nh7 13. h3 h5 14. d4 g4 15. Nh4 exd4 
16. Rc1 gxh3 17. Ndf3 Ng5 18. Qd2 Nxf3+ 19. Nxf3 Bg4 20. Bh4 f6 21. cxd4 hxg2 
22. Rc3 Qd7 23. Nh2 Rae8 24. Rg3 Bxd4 25. Kxg2 Bc5 26. Bg5 Ne5 27. Bh6+ Kg6 
28. Bxf8 Rxf8 29. Qe2 Kg7 30. Nxg4 hxg4 31. f4 Nxc4 32. Rxg4+ Kf7 33. Qxc4+ d5 
34. Qxd5+ Qxd5 35. exd5 Rd8 36. Rd1 Re8 37. Rh1 Re2+ 38. Kf1 Rf2+ 39. Ke1 Ke7 
40. Rh8 Kd6 41. Rd8+ Ke7 42. Rc8 Kd7 43. Rf8 Ke7 44. Ra8 Kd6 45. Rd8+ Ke7 
46. Rb8 Kd6 47. Rxb7 Rh2 48. Rg8 Bb4+ 49. Kf1 Bc5 50. Rd8+ Ke7 51. Rbb8 Rf2+ 
52. Ke1 Rxf4 53. b3 f5 54. Re8+ Kf7 55. Re6 Rd4 56. Rb5 Rxd5 57. Rc6 Bb4+ 
58. Kf2 Rd7 59. Rxf5+ Ke8 60. Rh6 Kd8 61. Rh8+ Ke7 62. Rh7+ Ke6 63. Rxd7 Kxd7 
64. Ke3 c6 65. Kd3 Ke6 66. Ke4 Kd7 67. Rf1 Kc7 68. Rf6 Bd2 69. Rf3 Bb4 
70. Rh3 Ba3 71. Rg3 Bc5 72. Rg8 Ba3 73. Rg5 Bb4 74. Rg2 Be1 75. Rg6 Bd2 
76. Rg7+ Kb8 77. Rg2 Be1 78. Rb2 Kc7 79. Re2 Bb4 80. Kf5 Bd6 81. Rc2 Bg3 
82. Ke6 Bd6 83. Ra2 Bc5 84. Rc2 Bb4 85. Rc1 Ba3 86. Rh1 Kd8 87. Rh7 Bc5 
88. Rh8+ Kc7 89. Rh4 Ba3 90. Rh7+ Kc8 91. Rh8+ Kc7 92. Rh7+ Kc8 93. Rh8+ Kc7 
94. Rh1 Kc8 95. Rf1 Bb4 96. Rf4 Ba3 97. Rd4 Kc7 98. Re4 Kc8 99. Rd4 Kc7 
100. Re4 Kc8 101. Kf6 Kd8 102. Rg4 Kc7 103. Rc4 Bd6 104. Kg7 Ba3 105. Kf7 Kd6 
106. Kg6 Kc7 107. Rh4 Kc8 108. Rh6 Kc7 109. Rh3 Bb4 110. Kf6 Kc8 111. Rh4 Bd6 
112. Re4 Kd7 113. Re6 Kc7 114. b4 axb4 115. Re1 b3 116. Re3 Kb7 117. Rxb3+ Ka6 
1/2-1/2

[Event "Friday 06 April Rapid Engine Tour 12+1 Rounds 9 Starts 1600ST"]
[Site "Infinity Chess"]
[Date "2018.4.6"]
[Round "2"]
[White "THE_MACHINE"]
[Black "Eman"]
[Result "1/2-1/2"]
[ECO "B90"]
[WhiteElo "2480"]
[BlackElo "2488"]
[WhiteEngine "BrainFish_180404_x64_bmi2"]
[BlackEngine "Eman 1.70-beta17 64-bit POPCNT"]
[EventType "Swiss"]
[WhiteTeam ""]
[BlackTeam ""]
[PlyCount "99"]
[TimeControl "720+1"]

1. e4 c5 2. Nf3 d6 3. d4 cxd4 4. Nxd4 Nf6 5. Nc3 a6 6. Be3 e5 7. Nb3 Be6 
8. Be2 Be7 9. Qd3 O-O 10. O-O Nc6 11. a3 Rc8 12. Nd5 Nd7 13. h3 Bg5 14. Bg4 Bxg4 
15. hxg4 Bxe3 16. Nxe3 Qg5 17. Qd2 Nf6 18. f3 h5 19. Nd5 Qxd2 20. Nxf6+ gxf6 
21. Nxd2 hxg4 22. fxg4 Na5 23. Rxf6 Rxc2 24. Rxd6 Rxb2 25. Rf1 Rc8 26. Rf5 Nc4 
27. Nxc4 Rxc4 28. Rd8+ Kg7 29. Rd7 Rxe4 30. Rdxf7+ Kg6 31. R7f6+ Kg7 32. g5 Rg4 
33. Rf7+ Kg6 34. R7f6+ Kh7 35. Rxe5 Rgxg2+ 36. Kf1 Rh2 37. Re7+ Kg8 38. Re8+ Kh7 
39. Re7+ Kg8 40. Kg1 Rhg2+ 41. Kf1 a5 42. Re8+ Kh7 43. Ref8 Rxg5 44. Rf2 Rxf2+ 
45. Rxf2 Kg6 46. Ke2 Rf5 47. Rxf5 Kxf5 48. Kd3 b5 49. Kd4 a4 50. Kc5 1/2-1/2

[Event "Friday 06 April Rapid Engine Tour 12+1 Rounds 9 Starts 1600ST"]
[Site "Infinity Chess"]
[Date "2018.4.6"]
[Round "2"]
[White "Dovahkiin"]
[Black "angriff"]
[Result "1/2-1/2 "]
[ECO "C24"]
[WhiteElo "2362"]
[BlackElo "2353"]
[WhiteEngine "corchess_x64_modern_CTG"]
[BlackEngine "DracoREX 3.07 64BIT POPCNT_CTG"]
[EventType "Swiss"]
[WhiteTeam ""]
[BlackTeam ""]
[PlyCount "185"]
[TimeControl "720+1"]

1. e4 e5 2. Bc4 Nf6 3. d3 c6 4. Nf3 d5 5. Bb3 a5 6. a4 Bb4+ 7. c3 Bd6 
8. O-O dxe4 9. dxe4 O-O 10. Be3 Qe7 11. Nbd2 Nbd7 12. h3 Nc5 13. Bc2 b6 
14. Qb1 Ba6 15. Rc1 Nfd7 16. Bg5 Nf6 17. Be3 Rad8 18. b4 Ncd7 19. bxa5 bxa5 
20. Bd3 Bxd3 21. Qxd3 Nc5 22. Qc4 Rb8 23. Rd1 Nfd7 24. Bg5 Qe8 25. Be3 Qe7 
26. Ne1 Rfd8 27. Rab1 Nb6 28. Rxb6 Rxb6 29. Nd3 Nxd3 30. Bxb6 Nb2 31. Bxd8 Qxd8 
32. Qb3 Nxd1 33. Qxd1 Be7 34. Qc2 Qd6 35. g3 h5 36. Nb3 Qd8 37. Kg2 g6 
38. Nd2 Qd6 39. h4 Qc5 40. Qd3 Kg7 41. Nc4 Bf6 42. Ne3 Qa3 43. Qc4 Qd6 
44. Qe2 Qe7 45. Qa2 Qc5 46. Qd2 Qa3 47. Qc2 Be7 48. Kf3 Qc5 49. Qd2 Qa3 
50. Qc2 Qc5 51. Qd2 Kf8 52. Kg2 Qa3 53. Qc2 Kg7 54. Nc4 Qc5 55. Qd3 Bf8 
56. Kf1 Be7 57. Ke1 Kf6 58. Ke2 Kg7 59. Kf3 Kg8 60. Ke2 Bf6 61. Nd2 Kg7 
62. Ke1 Qa3 63. Qc2 Qc5 64. Qd3 Kg8 65. Qc4 Qb6 66. Qa2 Qc5 67. Nc4 Kg7 
68. Qb3 Be7 69. Kf1 Bf6 70. Nb2 Qd6 71. Ke2 g5 72. Nd1 gxh4 73. Ne3 Qd8 
74. gxh4 Bxh4 75. Nf5+ Kg8 76. Nxh4 Qxh4 77. Qb8+ Kg7 78. Qxe5+ Kh6 79. f4 f6 
80. Qxa5 Qh2+ 81. Kd3 Qg3+ 82. Ke2 Qg2+ 83. Ke3 h4 84. Qf5 Qg1+ 85. Kd2 Qg2+ 
86. Kd3 h3 87. Qxf6+ Kh5 88. Ke3 Qg1+ 89. Kf3 Qf1+ 90. Ke3 Qc1+ 91. Ke2 Qc2+ 
92. Kf3 Qd1+ 93. Kf2 1/2-1/2

[Event "Friday 06 April Rapid Engine Tour 12+1 Rounds 9 Starts 1600ST"]
[Site "Infinity Chess"]
[Date "2018.4.6"]
[Round "2"]
[White "localhero"]
[Black "Nigi"]
[Result "1/2-1/2"]
[ECO "C55"]
[WhiteElo "2395"]
[BlackElo "2390"]
[WhiteEngine "asmFishW_2017-10-04_popcnt"]
[BlackEngine "stockfish_18022813_x64_bmi2"]
[EventType "Swiss"]
[WhiteTeam ""]
[BlackTeam ""]
[PlyCount "116"]
[TimeControl "720+1"]

1. e4 e5 2. Nf3 Nc6 3. Bc4 Nf6 4. d3 Bc5 5. c3 d6 6. O-O O-O 7. Bg5 h6 8. Bh4 a6 
9. a4 Ba7 10. Nbd2 g5 11. Bg3 g4 12. Bh4 Kg7 13. Kh1 gxf3 14. Qxf3 Rg8 
15. h3 Be6 16. g4 Bxc4 17. Nxc4 Nb8 18. Ne3 Bxe3 19. fxe3 Nbd7 20. Rf2 d5 
21. Raf1 dxe4 22. dxe4 a5 23. Bxf6+ Qxf6 24. Qxf6+ Nxf6 25. Rxf6 Rgf8 
26. h4 Rad8 27. Kg1 Rd2 28. R6f2 Rdd8 29. Rf6 Rd2 30. R6f2 Rdd8 31. Kg2 f6 
32. Kf3 Rd6 33. Rc1 Kf7 34. b4 Ra8 35. Rb2 b6 36. h5 Rc6 37. bxa5 Rxa5 
38. Rd1 Rxc3 39. Rd7+ Ke6 40. Rh7 Rxa4 41. Rxh6 Raa3 42. Re2 Kf7 43. g5 fxg5 
44. Rg6 g4+ 45. Kxg4 Rxe3 46. Rf2+ Ke7 47. Rg7+ Ke6 48. Rg6+ Ke7 49. Kf5 Rf3+ 
50. Rxf3 Rxf3+ 51. Kxe5 Rh3 52. h6 b5 53. Kd5 b4 54. Rg7+ Kf8 55. Rxc7 Rxh6 
56. Rb7 Ra6 57. Ke5 b3 58. Rxb3 Rg6 1/2-1/2

[Event "Friday 06 April Rapid Engine Tour 12+1 Rounds 9 Starts 1600ST"]
[Site "Infinity Chess"]
[Date "2018.4.6"]
[Round "2"]
[White "Thinker"]
[Black "KQRBNP"]
[Result "1/2-1/2"]
[ECO "C55"]
[WhiteElo "2428"]
[BlackElo "2409"]
[WhiteEngine "BrainFish_180404_x64_modern_CTG"]
[BlackEngine "Eman 1.70-beta17 64-bit POPCNT"]
[EventType "Swiss"]
[WhiteTeam ""]
[BlackTeam ""]
[PlyCount "76"]
[TimeControl "720+1"]

1. e4 e5 2. Nf3 Nc6 3. Bc4 Nf6 4. d3 Bc5 5. c3 d6 6. O-O O-O 7. h3 a5 8. Nbd2 h6 
9. Re1 Be6 10. b3 Ba7 11. a4 d5 12. Bb5 Ne7 13. exd5 Nfxd5 14. Bb2 c6 
15. Bc4 Qb6 16. d4 exd4 17. Nxd4 Nf5 18. Ne4 Nxd4 19. cxd4 Rae8 20. Rc1 Qb4 
21. Ra1 Qb6 22. Rc1 Qd8 23. Qf3 Bb8 24. Ba3 Nb4 25. Bxe6 Rxe6 26. Bxb4 axb4 
27. Nc5 Rf6 28. Qg4 b6 29. Nd3 Rg6 30. Qe4 f5 31. Qf3 Qxd4 32. Rc4 Qd6 
33. Kf1 c5 34. Nf4 Rgf6 35. Rd1 Qe5 36. Re1 Qd6 37. Rd1 Qe5 38. Re1 Qd6 1/2-1/2

[Event "Friday 06 April Rapid Engine Tour 12+1 Rounds 9 Starts 1600ST"]
[Site "Infinity Chess"]
[Date "2018.4.6"]
[Round "2"]
[White "KhalidOmar"]
[Black "fati64"]
[Result "1/2-1/2"]
[ECO "D02"]
[WhiteElo "2434"]
[BlackElo "2432"]
[WhiteEngine "Eman 1.70-beta17 64-bit BMI2"]
[BlackEngine "BrainFish_180404_x64"]
[EventType "Swiss"]
[WhiteTeam ""]
[BlackTeam ""]
[PlyCount "82"]
[TimeControl "720+1"]

1. d4 d5 2. Nf3 Nf6 3. c4 e6 4. Nc3 c6 5. Bg5 h6 6. Bxf6 Qxf6 7. e3 Nd7 
8. Bd3 dxc4 9. Bxc4 g6 10. Qc2 Bg7 11. O-O O-O 12. Bb3 Qe7 13. Ne4 e5 
14. Ng3 Kh8 15. Rad1 Re8 16. dxe5 Nxe5 17. Nxe5 Bxe5 18. f4 Bg7 19. Rde1 Be6 
20. Bxe6 Qxe6 21. f5 Qxa2 22. fxg6 fxg6 23. Qxg6 Qe6 24. Qc2 Rad8 25. Nf5 Qe4 
26. Qe2 Rd5 27. Nxg7 Kxg7 28. Qf2 Rd7 29. h3 Ree7 30. Qf6+ Kh7 31. Rf4 Qe5 
32. Qh4 Rd2 33. Rf6 h5 34. Ref1 Rg7 35. R6f2 Qxe3 36. Qxh5+ Kg8 37. Qf5 Rxb2 
38. Qf8+ Kh7 39. Qf5+ Kg8 40. Qc8+ Kh7 41. Qf5+ Kg8 1/2-1/2

[Event "Friday 06 April Rapid Engine Tour 12+1 Rounds 9 Starts 1600ST"]
[Site "Infinity Chess"]
[Date "2018.4.6"]
[Round "2"]
[White "CrapCleaner"]
[Black "Prometheus"]
[Result "0-1"]
[ECO "C50"]
[WhiteElo "2442"]
[BlackElo "2438"]
[WhiteEngine "Houdini 6.03 Standard_CTG"]
[BlackEngine "Eman 1.70-beta15 64-bit BMI2"]
[EventType "Swiss"]
[WhiteTeam ""]
[BlackTeam ""]
[PlyCount "135"]
[TimeControl "720+1"]

1. e4 e5 2. Nf3 Nc6 3. Bc4 Bc5 4. O-O Nf6 5. d3 d6 6. c3 a5 7. Bg5 h6 8. Bh4 O-O 
9. a4 g5 10. Bg3 Kg7 11. Na3 Be6 12. Bxe6 fxe6 13. h4 Qe7 14. Nc4 Ba7 
15. hxg5 hxg5 16. Nxg5 Rh8 17. d4 Rh6 18. dxe5 Nxe4 19. Nxe4 Rah8 20. Qg4+ Kf8 
21. Qf4+ Ke8 22. Qxh6 Rxh6 23. exd6 Qh7 24. Bh2 cxd6 25. Ncxd6+ Kf8 26. Ng5 Qg6 
27. Nde4 Rh4 28. Rae1 Bb6 29. b4 axb4 30. cxb4 Kg8 31. Bg3 Rg4 32. Bd6 Bd4 
33. b5 Nd8 34. Rd1 Rxe4 35. Nxe4 Qxe4 36. Rfe1 Qh4 37. Bg3 Qf6 38. a5 e5 
39. a6 bxa6 40. bxa6 Nc6 41. Re4 Qf5 42. Rh4 Qc2 43. Re1 Qa2 44. Kh2 Qxa6 
45. f4 Nd8 46. fxe5 Ne6 47. Rd1 Bc5 48. Re1 Qd3 49. Rh3 Ng5 50. Rh4 Ne6 
51. Rh3 Kf7 52. Rh6 Ke7 53. Rh3 Kd7 54. Rh5 Bb4 55. Ra1 Bd2 56. Rh3 Kc6 
57. Ra2 Qe2 58. Rh8 Nd4 59. Rf8 Qh5+ 60. Kg1 Bg5 61. Bf2 Qd1+ 62. Kh2 Qh5+ 
63. Kg1 Ne2+ 64. Kf1 Nf4 65. Kg1 Qd1+ 66. Kh2 Qg4 67. Bg3 Qh5+ 68. Kg1 0-1

[Event "Friday 06 April Rapid Engine Tour 12+1 Rounds 9 Starts 1600ST"]
[Site "Infinity Chess"]
[Date "2018.4.6"]
[Round "2"]
[White "Macho"]
[Black "MGR"]
[Result "0-1"]
[ECO "C50"]
[WhiteElo "2467"]
[BlackElo "2463"]
[WhiteEngine "asmFishW_2018-04-01_popcnt_CTG"]
[BlackEngine "asmFishW_2018-04-02_bmi2"]
[EventType "Swiss"]
[WhiteTeam ""]
[BlackTeam ""]
[PlyCount "178"]
[TimeControl "720+1"]

1. e4 e5 2. Nf3 Nc6 3. Bc4 Bc5 4. O-O Nf6 5. d3 d6 6. c3 O-O 7. Bg5 a5 8. h3 h6 
9. Bh4 g5 10. Bg3 Nh5 11. d4 Nxg3 12. fxg3 Ba7 13. Kh2 g4 14. Nh4 exd4 
15. Nf5 Kh7 16. Qxg4 Qg5 17. Qe2 Rg8 18. g4 dxc3 19. Nxc3 Ne5 20. Nd5 Be6 
21. Bb3 c6 22. Nf4 Bxf5 23. exf5 Rge8 24. Rae1 Bc5 25. Kh1 Bb4 26. Rd1 d5 
27. Qf2 Nd7 28. a3 Bf8 29. g3 Kg8 30. Rfe1 Bc5 31. Qd2 Bb6 32. Ba4 Nf6 
33. Bc2 Qg7 34. Kg2 Qf8 35. Qc3 Rxe1 36. Rxe1 Re8 37. b4 Rxe1 38. Qxe1 Bc7 
39. Kf3 Nd7 40. Nd3 axb4 41. axb4 b5 42. h4 Bd8 43. Qc1 Qe7 44. Qf4 f6 
45. Kf2 Bb6+ 46. Kf1 Qe3 47. Qd6 Ne5 48. Qe6+ Kg7 49. Qe7+ Nf7 50. Qxe3 Bxe3 
51. Ke2 Bb6 52. Kd2 Kf8 53. Bd1 Ke7 54. Kc3 Bg1 55. g5 fxg5 56. h5 Nd6 
57. g4 Ne4+ 58. Kb2 Kf6 59. Bc2 Nf2 60. Nxf2 Bxf2 61. Bb1 Ke5 62. Kb3 Bb6 
63. Bd3 Bd8 64. Kc3 Bf6 65. Kd2 Kf4 66. Be2 Be7 67. Kc2 Bxb4 68. f6 Ke5 
69. f7 Ke6 70. Kb3 Bd6 71. Bf1 Kxf7 72. Kc2 b4 73. Be2 c5 74. Kb2 c4 75. Kc2 Ke6 
76. Kd2 b3 77. Kc1 Ke5 78. Kb2 Ke4 79. Bd1 d4 80. Be2 d3 81. Bd1 Kd4 
82. Kc1 Ba3+ 83. Kb1 Ke4 84. Ka1 c3 85. Bxb3 c2 86. Ka2 c1=Q 87. Bd5+ Kxd5 
88. Kb3 Qb2+ 89. Ka4 Qb4# 0-1

[Event "Friday 06 April Rapid Engine Tour 12+1 Rounds 9 Starts 1600ST"]
[Site "Infinity Chess"]
[Date "2018.4.6"]
[Round "2"]
[White "Marsell"]
[Black "hafaba"]
[Result "1/2-1/2"]
[ECO "C53"]
[WhiteElo "2467"]
[BlackElo "2470"]
[WhiteEngine "asmFishW_2018-04-02_bmi2"]
[BlackEngine "Eman 1.70-beta15 64-bit POPCNT_CTG"]
[EventType "Swiss"]
[WhiteTeam ""]
[BlackTeam ""]
[PlyCount "77"]
[TimeControl "720+1"]

1. e4 e5 2. Nf3 Nc6 3. Bc4 Bc5 4. c3 Nf6 5. d3 a5 6. O-O d6 7. Bg5 Ba7 
8. Nbd2 h6 9. Bh4 g5 10. Bg3 O-O 11. a3 Kg7 12. Re1 Nh7 13. h3 h5 14. d4 g4 
15. Nh4 exd4 16. Nf5+ Bxf5 17. exf5 dxc3 18. Ne4 d5 19. Bxd5 cxb2 20. Rb1 Bd4 
21. Qb3 h4 22. Bf4 g3 23. Red1 Nf6 24. Bxc6 bxc6 25. Qc4 c5 26. Nxc5 Bxf2+ 
27. Kh1 Qe7 28. Bh6+ Kxh6 29. Qxh4+ Kg7 30. Qg5+ Kh8 31. Nd7 Ra6 32. Qh6+ Kg8 
33. Qg5+ Kh7 34. Qh4+ Kg7 35. Qg5+ Kh8 36. Qh6+ Kg8 37. Qg5+ Kh7 38. Qh4+ Kg8 
39. Qg5+ 1/2-1/2

[Event "Friday 06 April Rapid Engine Tour 12+1 Rounds 9 Starts 1600ST"]
[Site "Infinity Chess"]
[Date "2018.4.6"]
[Round "2"]
[White "Deep_Impact"]
[Black "RonWeasley"]
[Result "1/2-1/2"]
[ECO "C11"]
[WhiteElo "2473"]
[BlackElo "2474"]
[WhiteEngine "BrainFish_180404_x64_modern"]
[BlackEngine "BrainFish 010418 WM_CTG"]
[EventType "Swiss"]
[WhiteTeam ""]
[BlackTeam ""]
[PlyCount "143"]
[TimeControl "720+1"]

1. e4 e6 2. d4 d5 3. Nc3 Nf6 4. e5 Nfd7 5. f4 c5 6. Nf3 Nc6 7. Be3 cxd4 
8. Nxd4 Qb6 9. Qd2 Qxb2 10. Rb1 Qa3 11. Bb5 Nxd4 12. Bxd4 a6 13. Bxd7+ Bxd7 
14. Rb3 Qe7 15. Rxb7 Rc8 16. O-O Qd8 17. f5 exf5 18. Qd3 Bc5 19. Bxc5 Rxc5 
20. Nxd5 Bc8 21. Re7+ Kf8 22. Qa3 Qa5 23. Qxa5 Rxa5 24. Rc7 Be6 25. Nf4 Rxe5 
26. Nxe6+ Rxe6 27. Rxf5 Re7 28. Rc8+ Re8 29. Rfc5 Ke7 30. R8c6 g6 31. a4 Ra8 
32. Rc7+ Kf6 33. Rc4 Rhf8 34. Rf4+ Kg7 35. c3 Rab8 36. h4 Rb3 37. Kf2 Ra3 
38. g4 h6 39. Ke3 Ra2 40. h5 g5 41. Rfc4 a5 42. Kd4 Re8 43. R7c6 Rb2 44. Rc7 Rg2 
45. Kd5 Re3 46. R7c5 Rd3+ 47. Kc6 Rdg3 48. Rxa5 Rxg4 49. Rb4 Rxb4 50. cxb4 g4 
51. Rf5 g3 52. Rf3 Rc2+ 53. Kd5 g2 54. Rg3+ Kh7 55. a5 Rb2 56. Kc6 f5 57. a6 f4 
58. a7 fxg3 59. a8=Q g1=Q 60. Qb7+ Kh8 61. Qc8+ Kg7 62. Qc7+ Kf6 63. Qf4+ Kg7 
64. Qe5+ Kg8 65. Qd5+ Kg7 66. Qe5+ Kg8 67. Qe8+ Kh7 68. Qe7+ Kh8 69. Qe8+ Kg7 
70. Qe7+ Kh8 71. Qe8+ Kg7 72. Qe5+ 1/2-1/2

[Event "Friday 06 April Rapid Engine Tour 12+1 Rounds 9 Starts 1600ST"]
[Site "Infinity Chess"]
[Date "2018.4.6"]
[Round "2"]
[White "MarioDeMonti"]
[Black "MCDermont"]
[Result "1/2-1/2"]
[ECO "E20"]
[WhiteElo "2489"]
[BlackElo "2493"]
[WhiteEngine "stockfish_x64_bmi2_2018_02_18_CTG"]
[BlackEngine "BrainFish 010418 WM_CTG"]
[EventType "Swiss"]
[WhiteTeam ""]
[BlackTeam ""]
[PlyCount "103"]
[TimeControl "720+1"]

1. d4 Nf6 2. c4 e6 3. Nc3 d5 4. Nf3 c6 5. Bg5 h6 6. Bh4 dxc4 7. e4 g5 8. Bg3 b5 
9. Be2 Bb7 10. h4 g4 11. Ne5 Nbd7 12. Nxd7 Qxd7 13. Be5 Qe7 14. O-O Rg8 
15. b3 Bg7 16. Qc2 Nh5 17. Bxg7 Rxg7 18. g3 Qd6 19. e5 Qxd4 20. Ne4 Qxe5 
21. Rad1 Kf8 22. Rfe1 c5 23. Bxc4 bxc4 24. Nd6 Qf6 25. Nxb7 Qf3 26. Qd2 Qxb7 
27. Qxh6 Nxg3 28. fxg3 Kg8 29. bxc4 Qf3 30. Qe3 Qxe3+ 31. Rxe3 Rb8 32. Re5 Rb2 
33. a4 Rb3 34. Kh2 Rb4 35. Rxc5 Rxa4 36. Rd2 Rb4 37. Kg2 Rg6 38. Rc2 Kg7 
39. Rb5 Rxb5 40. cxb5 e5 41. Rc4 f5 42. Rc7+ Kg8 43. Rxa7 Rb6 44. Ra5 Kf7 
45. Kf2 f4 46. h5 Kg8 47. Ra6 Rxb5 48. gxf4 exf4 49. Rg6+ Kf7 50. Rxg4 f3 
51. Rh4 Kg7 52. h6+ 1/2-1/2

[Event "Friday 06 April Rapid Engine Tour 12+1 Rounds 9 Starts 1600ST"]
[Site "Infinity Chess"]
[Date "2018.4.6"]
[Round "2"]
[White "Brtroy"]
[Black "Murx"]
[Result "1/2-1/2"]
[ECO "D02"]
[WhiteElo "2502"]
[BlackElo "2519"]
[WhiteEngine "Stockfish_18040400_x64_bmi2_CTG"]
[BlackEngine "BrainFish_180404_x64_bmi2"]
[EventType "Swiss"]
[WhiteTeam ""]
[BlackTeam ""]
[PlyCount "116"]
[TimeControl "720+1"]

1. d4 d5 2. Nf3 Nf6 3. c4 e6 4. Nc3 c6 5. e3 Nbd7 6. Bd3 dxc4 7. Bxc4 b5 
8. Bd3 Bb7 9. O-O a6 10. e4 c5 11. d5 Qc7 12. dxe6 fxe6 13. Bc2 Bd6 14. Ng5 Nf8 
15. f4 O-O-O 16. Qe2 h6 17. Nf3 Bxf4 18. e5 Bxf3 19. Qxf3 Bxe5 20. Qa8+ Kd7 
21. Qxa6 Bxh2+ 22. Kh1 Ke7 23. Be3 Bg3 24. Qxb5 N8d7 25. Ne2 Nd5 26. Qd3 Be5 
27. Bf2 Bxb2 28. Rae1 Rhf8 29. Bh4+ Bf6 30. Qg6 Rde8 31. Bg3 Be5 32. Bh4+ Bf6 
33. Bg3 Be5 34. Bh4+ Kd6 35. Ng3 Qc6 36. Nf5+ Kc7 37. Nxg7 Rxf1+ 38. Rxf1 Rf8 
39. Rxf8 Nxf8 40. Qf7+ Kb6 41. Qxf8 Ne3 42. Qd8+ Kb7 43. Qd2 Nxc2 44. Qxc2 Bxg7 
45. Qh7 Qc7 46. Qe4+ Qc6 47. Qh7 Qc7 48. Qe4+ Ka6 49. Bf2 c4 50. Qxe6+ Kb7 
51. a4 c3 52. a5 Qxa5 53. Qb3+ Ka6 54. Qe6+ Kb7 55. Qb3+ Ka6 56. Qc4+ Qb5 
57. Qa2+ Qa5 58. Qe6+ Kb7 1/2-1/2

[Event "Friday 06 April Rapid Engine Tour 12+1 Rounds 9 Starts 1600ST"]
[Site "Infinity Chess"]
[Date "2018.4.6"]
[Round "2"]
[White "Demoralisator"]
[Black "xeonrocks"]
[Result "1/2-1/2 "]
[ECO "C50"]
[WhiteElo "2555"]
[BlackElo "2580"]
[WhiteEngine "Raubfisch X36b"]
[BlackEngine "Stockfish_x64_bmi2_CTG"]
[EventType "Swiss"]
[WhiteTeam ""]
[BlackTeam ""]
[PlyCount "25"]
[TimeControl "720+1"]

1. e4 e5 2. Nf3 Nc6 3. Bc4 Bc5 4. O-O Nf6 5. d3 d6 6. c3 a5 7. Bg5 Ba7 
8. Nbd2 h6 9. Bh4 Bd7 10. a4 Qe7 11. Bg3 Nh5 12. Kh1 O-O 13. Bd5 1/2-1/2

[Event "Friday 06 April Rapid Engine Tour 12+1 Rounds 9 Starts 1600ST"]
[Site "Infinity Chess"]
[Date "2018.4.6"]
[Round "2"]
[White "IronMan"]
[Black "SkyPilot"]
[Result "1/2-1/2"]
[ECO "A46"]
[WhiteElo "2481"]
[BlackElo "2482"]
[WhiteEngine "Eman 1.70-beta15 64-bit BMI2"]
[BlackEngine "stockfish_x64_bmi2_2018_03_30_CTG"]
[EventType "Swiss"]
[WhiteTeam ""]
[BlackTeam ""]
[PlyCount "161"]
[TimeControl "720+1"]

1. d4 Nf6 2. Nf3 d5 3. c4 c6 4. e3 e6 5. Bd3 dxc4 6. Bxc4 Nbd7 7. O-O Bd6 
8. b3 e5 9. Qc2 O-O 10. Nc3 exd4 11. Nxd4 Ne5 12. Be2 Bd7 13. Bb2 Qe7 
14. Rad1 Rad8 15. Nf5 Bxf5 16. Qxf5 Ned7 17. Qc2 Rfe8 18. Rd2 Nc5 19. g3 Be5 
20. Rfd1 Rxd2 21. Rxd2 Bxc3 22. Bxc3 Nfe4 23. Rd1 Nxc3 24. Qxc3 Ne4 25. Qe1 g6 
26. Bf3 c5 27. Qa5 b6 28. Qa6 Nc3 29. Rd3 Ne4 30. h4 Kg7 31. Rd1 Nc3 32. Rd2 h6 
33. Qc4 Ne4 34. Bxe4 Qxe4 35. Qc1 Qe5 36. Rd7 Re7 37. Rd2 Qf6 38. Kg2 Qe5 
39. Qc4 Qf6 40. a4 Qc6+ 41. Rd5 Qf6 42. e4 Re5 43. Qd3 h5 44. Qe3 Re7 45. a5 Re5 
46. axb6 axb6 47. Qd3 Re6 48. Qc2 Qa1 49. Kh2 Rc6 50. Kg2 Re6 51. Kh2 Re7 
52. Rd6 Re6 53. Rxe6 fxe6 54. Qd2 Qd4 55. Qxd4+ cxd4 56. Kg2 g5 57. f4 gxf4 
58. gxf4 b5 59. Kf2 Kf6 60. Ke2 e5 61. f5 Kf7 62. b4 Ke7 63. Kd2 Kf7 64. Kd3 Kg7 
65. Kc2 Kf6 66. Kd3 Kg7 67. f6+ Kg6 68. f7 Kxf7 69. Ke2 Ke7 70. Kd1 Kd7 
71. Kc2 d3+ 72. Kxd3 Kc6 73. Ke3 Kd7 74. Kd3 Kc6 75. Kd2 Kd7 76. Ke3 Kc6 
77. Kd2 Kd6 78. Kc3 Ke7 79. Kd2 Kd7 80. Ke3 Kc6 81. Kd2 1/2-1/2

[Event "Friday 06 April Rapid Engine Tour 12+1 Rounds 9 Starts 1600ST"]
[Site "Infinity Chess"]
[Date "2018.4.6"]
[Round "1"]
[White "hafaba"]
[Black "localhero"]
[Result "1/2-1/2"]
[ECO "C55"]
[WhiteElo "2473"]
[BlackElo "2392"]
[WhiteEngine "Eman 1.70-beta15 64-bit POPCNT_CTG"]
[BlackEngine "asmFishW_2017-10-04_popcnt"]
[EventType "Swiss"]
[WhiteTeam ""]
[BlackTeam ""]
[PlyCount "101"]
[TimeControl "720+1"]

1. e4 e5 2. Nf3 Nc6 3. Bc4 Nf6 4. d3 Bc5 5. O-O d6 6. c3 a5 7. Bg5 Ba7 8. Na3 h6 
9. Bh4 O-O 10. Nc2 Be6 11. b3 a4 12. h3 Bb6 13. Ne3 axb3 14. axb3 Bxe3 
15. fxe3 Qe7 16. Bxf6 Qxf6 17. Nd4 Qg6 18. Rxa8 Rxa8 19. Nxe6 fxe6 20. b4 Rf8 
21. Kh2 Nd8 22. Rf3 Rxf3 23. Qxf3 Qg5 24. Qg3 Qf6 25. Qf3 Qg5 26. Bb5 c6 
27. Ba4 b5 28. Bd1 c5 29. Qf2 g6 30. Bb3 Kg7 31. Qe1 h5 32. bxc5 dxc5 
33. Qe2 Qe7 34. Qf2 Qg5 35. Qe2 Qf6 36. Qb2 Qf1 37. Qa3 Qf2 38. Qxc5 Nf7 
39. Kh1 Qf1+ 40. Kh2 Qf2 41. Kh1 h4 42. Qxb5 Qe1+ 43. Kh2 Qf2 44. Kh1 g5 
45. Bxe6 Qe1+ 46. Kh2 g4 47. hxg4 Qg3+ 48. Kh1 Qe1+ 49. Kh2 Qg3+ 50. Kh1 Qe1+ 
51. Kh2 1/2-1/2

[Event "Friday 06 April Rapid Engine Tour 12+1 Rounds 9 Starts 1600ST"]
[Site "Infinity Chess"]
[Date "2018.4.6"]
[Round "1"]
[White "angriff"]
[Black "IronMan"]
[Result "0-1"]
[ECO "C55"]
[WhiteElo "2365"]
[BlackElo "2469"]
[WhiteEngine "DracoREX 3.07 64BIT POPCNT_CTG"]
[BlackEngine "Eman 1.70-beta15 64-bit BMI2"]
[EventType "Swiss"]
[WhiteTeam ""]
[BlackTeam ""]
[PlyCount "189"]
[TimeControl "720+1"]

1. e4 e5 2. Nf3 Nc6 3. Bc4 Nf6 4. d3 Bc5 5. c3 a5 6. O-O d6 7. Bg5 h6 8. Bh4 g5 
9. Bg3 O-O 10. a4 Kg7 11. Na3 Be6 12. Bxe6 fxe6 13. h4 Qe7 14. Nc4 Ba7 
15. hxg5 hxg5 16. Nxg5 Rh8 17. d4 Rh6 18. dxe5 Nxe4 19. Nxe4 Rah8 20. Qg4+ Kf8 
21. Qf4+ Ke8 22. Qxh6 Rxh6 23. exd6 Qh7 24. Bh2 cxd6 25. Ncxd6+ Kf8 26. Ng5 Qg6 
27. Nde4 Rh4 28. Rae1 Rg4 29. Re2 Rxg5 30. Nxg5 Qxg5 31. Rxe6 Qd2 32. Rf6+ Kg7 
33. Rf3 Bc5 34. Bc7 Be7 35. Rb1 Bg5 36. Rf1 Bf6 37. Rg3+ Kf7 38. Rf3 Ke6 
39. Bf4 Qc2 40. Rc1 Qxa4 41. g3 Qb5 42. Rd1 Be7 43. Rd2 a4 44. Bc7 Qc4 
45. Re3+ Kf7 46. Kg2 b5 47. Bf4 Bc5 48. Re1 b4 49. Rd7+ Kf6 50. cxb4 Bxb4 
51. Re3 Bc5 52. Rc3 Qe4+ 53. Kh2 Bb4 54. Re3 Qc2 55. Rf3 Qe2 56. Rdd3 Kg6 
57. Rde3 Qc4 58. Be5 Bd2 59. Rc3 Bxc3 60. Bxc3 Ne7 61. Rf6+ Kh7 62. Rf4 Qe2 
63. Kh3 Qf1+ 64. Kh2 Nd5 65. Rh4+ Kg6 66. Bd4 Nb4 67. Rg4+ Kf5 68. Rf4+ Kg5 
69. f3 Nd3 70. Rg4+ Kf5 71. Re4 Qxf3 72. Re7 Kg6 73. b3 Nf4 74. Rg7+ Kh6 
75. gxf4 Qxf4+ 76. Rg3 Qxd4 77. bxa4 Qxa4 78. Kg2 Qf4 79. Rf3 Qd2+ 80. Kh3 Kg5 
81. Rg3+ Kf4 82. Rg4+ Kf5 83. Rg1 Qd3+ 84. Rg3 Qd1 85. Rg2 Kf4 86. Rf2+ Ke3 
87. Rg2 Qh1+ 88. Kg3 Qh5 89. Rg1 Qe5+ 90. Kg2 Ke2 91. Rb1 Qe4+ 92. Kg3 Qxb1 
93. Kf4 Qb5 94. Ke4 Qc5 95. Kf4 0-1